 Dungeon Crawl Stone Soup version 0.29-a0-876-gfc89b1a5bd (webtiles) character file.

Game seed: 13911967217300254112

60 xian the Trooper (level 3, -5/33 HPs)
             Began as a Draconian Fighter on July 19, 2022.
             Killed by divine providence
             ... invoked by an orc priest
              (13 damage)
             ... on level 3 of the Dungeon.
             The game lasted 00:03:43 (2240 turns).

xian the Trooper (Draconian Fighter)                Turns: 2240, Time: 00:03:44

Health: -5/33      AC:  5    Str: 20    XL:     3   Next: 82%
Magic:  3/3        EV: 11    Int:  8    God:
Gold:   149        SH:  9    Dex: 16    Spells: 2/2 levels left

rFire   . . .      SeeInvis .   h - +2 dagger (pain)
rCold   . . .      Faith    .   m - +0 kite shield
rNeg    . . .      Spirit   .   (body armour unavailable)
rPois   .          Reflect  .   (helmet restricted)
rElec   .          Harm     .   (no cloak)
rCorr   .          Rampage  .   (no gloves)
Will    +....                   (no boots)
Stlth   ++........              (no amulet)
HPRegen 0.11/turn               e - +6 ring of dexterity
MPRegen 0.08/turn               g - ring of willpower

@: no status effects
A: AC +5, unfitting armour, cold-blooded
a: no special abilities


You were on level 3 of the Dungeon.
You visited 1 branch of the dungeon, and saw 3 of its levels.

You collected 149 gold pieces.

Inventory:

Hand Weapons
 h - a +2 dagger of pain (weapon)
Missiles
 i - 2 poisoned darts (quivered)
Armour
 m - a +0 kite shield (worn)
Jewellery
 e - a +6 ring of dexterity (left hand)
 g - a ring of willpower (right hand)
Scrolls
 a - 3 scrolls of teleportation
 j - a scroll of poison {unknown}
 k - a scroll of enchant weapon {unknown}
 l - a scroll of identify {unknown}
 n - a scroll of noise {unknown}
 p - a scroll of magic mapping {unknown}
 q - a scroll of enchant armour {unknown}
Potions
 b - 2 potions of curing {unknown}
 c - 2 potions of might
 d - a potion of heal wounds {unknown}
 f - a potion of mutation {unknown}
 o - a potion of berserk rage {unknown}


   Skills:
 + Level 3.8 Fighting
 + Level 1.0(2.0) Short Blades
 + Level 2.7(2.8) Long Blades
 + Level 3.0 Dodging
 + Level 0.4 Stealth
 + Level 3.3 Shields


You had 2 spell levels left.
You didn't know any spells.
Your spell library contained the following spells:

 Spells                   Type           Power      Damage    Failure   Level
 Necrotise                Necr           0%         1d4       80%         1
 Gell's Gravitas          Tloc           0%         N/A       99%         3
 Teleport Other           Tloc           0%         N/A       99%         3
 Vampiric Draining        Necr           0%         2d6       99%         3
 Agony                    Necr           0%         N/A       100%        5
 Dispersal                Tloc           0%         N/A       100%        6


Dungeon Overview and Level Annotations

Branches:
Dungeon (3/15)

Altars:
Kikubaaqudgha


Innate Abilities, Weirdness & Mutations

Your plain brown scales are hard. (AC +5)
You cannot fit into any form of body armour.
You are cold-blooded and may be slowed by cold attacks.


Message History

Found a spear.
You now have 149 gold pieces (gained 5).
You open the door.
There is an open door here.
As you open the door, it creaks loudly! 2 orcs and a hobgoblin come into view.
The orc shouts!
The hobgoblin shouts!
You hear a shout!
An orc priest comes into view. It is wielding a +0 mace.
An orc comes into view. It is wielding a +0 hand axe.
Found 18 gold pieces.
The orc shouts!
The orc hits you but does no damage. You block the orc's attack.
There is an open door here.
You hit the orc.
The orc is lightly wounded.
An orc wizard comes into view. It is wielding a +0 dagger.
The orc misses you.
You closely miss the orc. The orc closely misses you.
You block the orc's attack.
You barely miss the orc. The orc hits you with a +0 hand axe.
You block the orc's attack.
The orc priest mumbles some strange prayers to Beogh against you.
Beogh smites you! The orc closely misses you. The orc barely misses you.
The orc wizard shouts!
You hit the orc. You tail-slap the orc.
You kill the orc!
The orc hits you but does no damage.
Your base Short Blades skill increases to level 1!
You hit the orc but do no damage.
The orc priest mumbles some strange prayers to Beogh against you.
Beogh smites you! You block the orc's attack.
You hit the orc wizard but do no damage.
You block the orc's attack.
You hit the orc wizard.
The orc wizard is moderately wounded.
The orc hits you with a +0 hand axe.
* * * LOW HITPOINT WARNING * * *
The orc priest calls down the wrath of Beogh upon you.
Beogh smites you!
You die...

#$.........
#.........
........ #......
..... #.####oo.
#....goo#
###@######
#........#
#........#
#........#
########........#
.......'........#
.#######........#
#. #........# #.
#.[......#


You could see an orc priest, an orc wizard, 2 orcs and a hobgoblin.

Vanquished Creatures
  An adder (D:2)
  2 worms (D:2)
  A dart slug (D:1)
  An orc (D:3)
  4 endoplasms
  3 giant cockroaches
  A hobgoblin (D:1)
  2 jackals (D:1)
  6 kobolds
  A quokka (D:2)
  5 ball pythons
  4 bats
  4 frilled lizards
  4 goblins
  2 rats
41 creatures vanquished.

Notes
Turn   | Place    | Note
-------+----------+-------------------------------------------
     0 | D:1      | xian the Draconian Fighter began the quest for the Orb.
     0 | D:1      | Reached XP level 1. HP: 19/19 MP: 1/1
   232 | D:1      | Found a faded altar of an unknown god.
   238 | D:1      | Reached XP level 2. HP: 26/26 MP: 2/2
  1257 | D:2      | Reached XP level 3. HP: 27/33 MP: 3/3
  1765 | D:2      | Found an ancient bone altar of Kikubaaqudgha.
  2238 | D:3      | Reached skill level 1 in Short Blades
  2240 | D:3      | Killed from afar by an orc priest

Illustrated notes

Levels and vault maps discovered:
D:1:      dpeg_arrival_lava_temple_mockup, layout_loops_ring,
          hellmonk_ecumenical_altar_run_dry
D:2:      minmay_recursive_quarters, layout_loops_ring, basic_altar
D:3:      layout_basic

Skill      XL: |  1  2  3 |
---------------+----------+-----
Dodging        | 3 |  3.0
Short Blades   | 1 |  1.0
Fighting       | |  3.8
Long Blades    | |  2.7
Stealth        | |  0.4
Shields        | |  3.3

Action                   || total
-------------------------++-------
Melee: Long sword        ||    27
       Tailslap          ||    14
       Dagger            ||    89
  Use: Scroll            ||     2
 Stab: Sleeping          ||     2
Armor: Skin              ||    34
Dodge: Dodged            ||    67
Block: Buckler           ||    23
       Kite shield       ||    32

Table legend: (Time is in decaauts)
 A = Elapsed time spent in this place.
 B = Non-inter-level travel time spent in this place.
 C = Inter-level travel time spent in this place.
 D = Time resting spent in this place.
 E = Time spent auto-exploring this place.
 F = Levels seen in this place.
 G = Mean time per level.
                   A        B        C        D        E       F      G
               +--------+--------+--------+--------+--------+-----+--------+
         Total |   2250 |   2102 |    148 |      0 |   1577 |   3 |  750.0 |
       Dungeon |   2250 |   2102 |    148 |      0 |   1577 |   3 |  750.0 |
               +--------+--------+--------+--------+--------+-----+--------+

Top non-repeatable levels by time:
     D:2: 1185 daAuts
     D:1: 981 daAuts
     D:3: 83 daAuts
